[Event "WYCC 2018 G18"]
[Site "Halkidiki"]
[Date "2018.10.21"]
[Round "3"]
[White "Radeva, Viktoria"]
[Black "Nemcova, Kamila"]
[Result "1/2-1/2"]
[ECO "B92"]
[WhiteElo "2163"]
[BlackElo "1879"]
[Annotator "ChessBase"]
[PlyCount "118"]
[EventDate "2018.10.20"]
[EventType "swiss"]
[EventCountry "GRE"]
[SourceTitle "playchess.com"]
[Source "ChessBase"]
[SourceQuality "1"]
[TimeControl "40/5400+30:1800+30"]

1. e4 c5 2. Nf3 d6 3. d4 cxd4 4. Nxd4 Nf6 5. Nc3 a6 6. Be2 e5 7. Nb3 Be7 8. O-O Nbd7 9. a4 b6 10. Bf3 Bb7 11. Re1 O-O 12. Nd2 Rc8 13. Nf1 Qc7 14. Ng3 Rfd8 15. Bg5 h6 16. Nf5 Bf8 17. Bh4 g5 18. Bg3 Nc5 19. h4 Ne6 20. hxg5 hxg5 21. Qd2 Qc4 22. Rad1 Qb4 23. Qc1 Qc5 24. Ne3 Nd4 25. Ned5 Nxf3+ 26. gxf3 Nh7 27. Kg2 b5 28. axb5 axb5 29. Rh1 f6 30. Rh5 b4 31. Rdh1 bxc3 32. Rxh7 Bxd5 33. exd5 Qxd5 34. Qe3 g4 35. Qa7 Qxf3+ 36. Kg1 Qd1+ 37. Kh2 Qd5 38. Kg1 Qd1+ 39. Kh2 Qd5 40. Kg1 Qd1+ 41. Kg2 Qf3+ 42. Kh2 Qd5 43. Rd1 Qe6 44. Rh1 f5 45. Kg1 Rd7 46. Qxd7 Qxd7 47. Rxd7 cxb2 48. Kg2 Rxc2 49. Rb1 f4 50. Bh4 g3 51. Bxg3 fxg3 52. Kxg3 Bh6 53. Rxd6 Rc3+ 54. Kg2 Bc1 55. Rb6 Rc2 56. Kf3 Kf7 57. Ke4 Re2+ 58. Kf3 Rc2 59. Ke4 Re2+ 1/2-1/2

[Event "WYCC 2018 G18"]
[Site "Halkidiki"]
[Date "2018.10.21"]
[Round "3"]
[White "Rozman, Monika"]
[Black "Avramidou, Anastasia"]
[Result "1/2-1/2"]
[ECO "B15"]
[WhiteElo "2141"]
[BlackElo "2285"]
[Annotator "NA"]
[PlyCount "86"]
[EventDate "2018.10.20"]
[EventType "swiss"]
[EventCountry "GRE"]
[SourceTitle "playchess.com"]
[Source "ChessBase"]
[SourceQuality "1"]
[TimeControl "40/5400+30:1800+30"]

1. e4 c6 2. d4 d5 3. Nc3 dxe4 4. Nxe4 Nf6 5. Nxf6+ exf6 6. Nf3 Bd6 7. Bd3 O-O 8. O-O Bg4 9. b3 Re8 10. c3 Nd7 $11 11. Bc2 Qa5 12. h3 Bh5 13. Bb2 Nf8 14. Qd3 Rad8 15. b4 Qb6 16. Rab1 Bb8 17. Rbe1 Qc7 18. g3 Qd7 19. Kg2 Qd5 20. Bb3 Qd6 21. Bc1 Bg6 22. Qd1 Qd7 23. Bc2 f5 24. Rxe8 Rxe8 25. Re1 Ne6 26. Bb3 f4 27. Ne5 Bxe5 28. Rxe5 fxg3 29. fxg3 Nc7 30. Qe2 Bf5 31. Rxe8+ Nxe8 32. g4 Be6 33. Bxe6 fxe6 34. Bf4 Qd5+ 35. Kh2 Nf6 36. c4 Qe4 37. Qxe4 Nxe4 38. Kg2 b5 39. Kf3 Nc3 40. cxb5 cxb5 41. Bd2 Nd5 42. Ke4 Kf7 43. Ke5 Ke7 1/2-1/2

[Event "WYCC 2018 G18"]
[Site "Halkidiki"]
[Date "2018.10.21"]
[Round "3"]
[White "Egyed, Judit"]
[Black "Jie, Tianhui"]
[Result "1-0"]
[ECO "C70"]
[WhiteElo "2089"]
[BlackElo "1849"]
[Annotator "NA"]
[PlyCount "111"]
[EventDate "2018.10.20"]
[EventType "swiss"]
[EventCountry "GRE"]
[SourceTitle "playchess.com"]
[Source "ChessBase"]
[SourceQuality "1"]
[TimeControl "40/5400+30:1800+30"]

1. e4 e5 2. Nf3 Nc6 3. Bb5 a6 4. Ba4 b5 5. Bb3 Na5 6. O-O d6 7. h3 {C70: Ruy Lopez: 3...a6 4 Ba4, Norwegian and Delayed Schliemann} (7. d4 exd4 8. Nxd4 Bb7 9. a4 c5 10. Qf3 Nf6 11. Nf5 g6 12. Nh6 Nxb3 13. Qxb3 Qd7 14. axb5 axb5 15. Rxa8+ Bxa8 16. Re1 Bxh6 17. Bxh6 {1-0 (35) Wang,H (2709)-Vallejo Pons,F (2707) Riadh 2017}) 7... Nxb3 8. axb3 c5 9. d3 Nf6 10. Nc3 Bb7 11. Qe2 $146 ({Predecessor:} 11. Re1 Be7 12. Bd2 O-O 13. Ne2 Nh5 14. g4 Nf6 15. Ng3 g6 16. Bh6 Re8 17. Qd2 Nd7 18. Kh2 Bf6 19. Rg1 d5 20. Qe3 Qe7 {0-1 (43) Gluckman,P (1923)-Duong,Y (1948) Poprad 2016}) 11... h6 12. Nh2 Be7 13. f4 O-O 14. f5 b4 15. Nd1 d5 16. Nf2 dxe4 17. dxe4 Qb6 18. Nhg4 Nd7 19. Be3 Rad8 20. Qf3 Bg5 21. Bxg5 hxg5 22. Ne3 $16 Nf6 23. Nc4 Qc7 24. Rae1 Ne8 25. Qg3 f6 26. h4 gxh4 27. Qxh4 Nd6 28. Re3 Nxc4 29. bxc4 Kf7 30. Qg4 Rg8 31. Rd1 Rd4 32. c3 bxc3 33. bxc3 Rxd1+ 34. Qxd1 Ke7 35. Rg3 Bc6 36. Qh5 Be8 37. Qh7 Kf8 38. Ng4 Qf7 39. Ne3 a5 40. Kf2 a4 41. Qh1 Qd7 42. Nd5 Qb7 43. Qc1 Rh8 44. Qa3 Qc6 45. Qb2 Rh4 46. Ke3 Rh1 47. Qb8 Re1+ 48. Kf3 Qd7 49. Qb6 Qc6 50. Qa7 Bd7 51. Qb8+ Be8 52. Rh3 Kf7 53. Rh8 Qd7 54. Qb6 Qc6 55. Qa7+ Qd7 56. Kg3 1-0

[Event "WYCC 2018 G18"]
[Site "Halkidiki"]
[Date "2018.10.21"]
[Round "3"]
[White "Limanovska, Elizabete"]
[Black "Cosme Contreras, Trilce"]
[Result "1-0"]
[ECO "B90"]
[WhiteElo "2072"]
[BlackElo "1829"]
[Annotator "NA"]
[PlyCount "87"]
[EventDate "2018.10.20"]
[EventType "swiss"]
[EventCountry "GRE"]
[SourceTitle "playchess.com"]
[Source "ChessBase"]
[SourceQuality "1"]
[TimeControl "40/5400+30:1800+30"]

1. e4 c5 2. Nf3 d6 3. d4 cxd4 4. Nxd4 Nf6 5. Nc3 a6 6. Be3 e6 7. f3 b5 8. a3 Be7 9. Qe2 Bb7 10. g4 h6 11. O-O-O Nc6 12. h4 Qa5 13. Nb3 Qc7 14. Bh3 Ne5 15. g5 Nh5 16. Qf2 Nc4 17. g6 Bf6 18. gxf7+ Qxf7 19. Nd4 Bxd4 20. Bxd4 Rf8 21. Bg4 Nf4 22. h5 e5 23. Be3 Bc8 24. b3 Bxg4 25. fxg4 Nxe3 26. Qxe3 Qc7 27. Kb2 Rc8 28. Rh2 Rf6 29. Rhd2 Rd8 30. g5 hxg5 31. Rg1 Qf7 32. Rxg5 Ne6 33. Rg3 Qxh5 34. Qb6 Qh4 35. Rdg2 g5 36. Qxa6 Nd4 37. Rxg5 Rf7 38. Rg8+ Rf8 39. Nxb5 Qf6 40. Nc7+ Kd7 41. Nd5 Qh4 42. Qb7+ Ke8 43. Rxf8+ Kxf8 44. Qg7+ 1-0

[Event "WYCC 2018 G18"]
[Site "Halkidiki"]
[Date "2018.10.21"]
[Round "3"]
[White "Redondo Benavente, Ana"]
[Black "Hrescak, Ivana"]
[Result "1-0"]
[ECO "B52"]
[WhiteElo "2055"]
[BlackElo "2173"]
[Annotator "NA"]
[PlyCount "101"]
[EventDate "2018.10.20"]
[EventType "swiss"]
[EventCountry "GRE"]
[SourceTitle "playchess.com"]
[Source "ChessBase"]
[SourceQuality "1"]
[TimeControl "40/5400+30:1800+30"]

1. e4 c5 2. Nf3 d6 3. Bb5+ Bd7 4. Bxd7+ Qxd7 5. c4 Nf6 6. Nc3 g6 7. d4 cxd4 8. Nxd4 Bg7 9. f3 O-O 10. Be3 Rc8 11. b3 a6 12. Qd3 Nc6 13. O-O Ne5 14. Qe2 b5 15. Nd5 Rab8 16. cxb5 axb5 17. Rac1 Rc5 $14 18. Nc3 b4 19. Na4 Rxc1 20. Rxc1 Qb7 21. Qc2 d5 22. Bf4 Nfd7 23. Ne2 Qa7+ 24. Kh1 d4 25. Qd2 d3 26. Be3 Qa6 27. Nd4 Nb6 28. Qxb4 d2 29. Rd1 Nd3 30. Qxd2 Nxa4 31. Qxd3 Qxd3 32. Rxd3 Nc5 33. Nc6 Nxd3 34. Nxb8 Nb4 35. a4 Be5 36. Nd7 Bd6 37. Bc5 Bxc5 38. Nxc5 Kf8 39. a5 Nc6 40. a6 e6 41. b4 Na7 42. Kg1 Ke7 43. Kf2 Kd6 44. Ke3 Kc6 45. Kd4 Kb5 46. Ke5 Kxb4 47. Nb7 Kb5 48. Nd6+ Kxa6 49. Nxf7 Nc6+ 50. Kxe6 Nd4+ 51. Kd7 1-0

[Event "WYCC 2018 G18"]
[Site "Halkidiki"]
[Date "2018.10.21"]
[Round "3"]
[White "Cvitan, Ena"]
[Black "Tonso, Liina"]
[Result "1-0"]
[ECO "A44"]
[WhiteElo "2034"]
[BlackElo "1805"]
[Annotator "NA"]
[PlyCount "45"]
[EventDate "2018.10.20"]
[EventType "swiss"]
[EventCountry "GRE"]
[SourceTitle "playchess.com"]
[Source "ChessBase"]
[SourceQuality "1"]
[TimeControl "40/5400+30:1800+30"]

1. d4 c5 2. d5 e5 3. e4 d6 4. c4 Be7 5. b3 f5 6. Nc3 Nf6 7. Bd3 g6 8. Qc2 Na6 9. a3 fxe4 10. Nxe4 O-O 11. Bh6 Qa5+ 12. Kf1 Nxe4 13. Bxe4 Rf6 14. Ne2 Bd7 15. h4 Bf8 16. Bg5 Rf7 17. h5 Bf5 18. hxg6 hxg6 19. Ng3 Bg7 20. Nxf5 Nb4 21. Qb1 gxf5 22. axb4 Qxb4 23. Bxf5 1-0

[Event "WYCC 2018 G18"]
[Site "Halkidiki"]
[Date "2018.10.21"]
[Round "3"]
[White "Hng, Mei-En Emmanuelle"]
[Black "Chitlange Sakshi"]
[Result "0-1"]
[ECO "B12"]
[WhiteElo "2020"]
[BlackElo "2237"]
[Annotator "NA"]
[PlyCount "104"]
[EventDate "2018.10.20"]
[EventType "swiss"]
[EventCountry "GRE"]
[SourceTitle "playchess.com"]
[Source "ChessBase"]
[SourceQuality "1"]
[TimeControl "40/5400+30:1800+30"]

1. e4 c6 2. d4 d5 3. e5 Bf5 4. h4 h5 5. c4 e6 6. Nc3 Ne7 7. Bg5 dxc4 8. Bxc4 Nd7 9. Nf3 {[%emt 0:06:13] B12: Caro-Kann: Advance Variation} (9. Nge2 Nb6 10. Bb3 Qd7 11. Qd2 Ned5 12. Rd1 Be7 13. Ng3 Bg6 14. Bxe7 Qxe7 15. Nce4 O-O-O 16. Nd6+ Kb8 {½-½ (43) McShane,L (2674)-Shimanov,A (2593) Las Vegas 2015}) 9... f6 10. Be3 Nb6 11. Bd3 Qd7 $146 ({Predecessor:} 11... Nbd5 12. O-O Qd7 13. Na4 b6 14. a3 Bxd3 15. Qxd3 Nf5 16. Rfc1 Be7 {0-1 (38) Den Hartog,M (2102)-Gomez Jurado,L (2302) Barcelona 2014}) 12. Ne4 Ned5 13. O-O Bg4 14. Be2 O-O-O 15. Qb3 Be7 16. Nc5 Bxc5 17. dxc5 Nxe3 18. Qxe3 Nd5 19. Qe4 Qe7 20. Rac1 f5 21. Qa4 Kb8 22. Rfe1 Bxf3 23. Bxf3 g5 24. Rc4 g4 25. Bxd5 Rxd5 26. g3 Rhd8 27. b4 Qd7 28. Qb3 Rd1 29. Rc1 Rd3 30. Rc3 Rxc3 31. Qxc3 a6 32. a3 Qd5 33. Rc1 Rd7 34. Re1 Kc7 35. Qe3 Qd2 36. Re2 Qd3 37. Qxd3 Rxd3 38. Ra2 Rd1+ 39. Kg2 Re1 40. f4 gxf3+ 41. Kxf3 Rxe5 42. Kf4 Re4+ 43. Kg5 Rg4+ 44. Kf6 Rxg3 45. Kxe6 Rg4 46. Kxf5 Rxh4 47. Kg5 Rh3 48. Rf2 (48. Kf4 $142) 48... Rxa3 49. Rf7+ Kb8 50. Kxh5 Ra4 51. Rf4 Ka7 52. Kg5 a5 $19 0-1

[Event "WYCC 2018 G18"]
[Site "Halkidiki"]
[Date "2018.10.21"]
[Round "3"]
[White "Bauyrzhan, Arnash"]
[Black "Di Benedetto, Desiree"]
[Result "1/2-1/2"]
[ECO "C05"]
[WhiteElo "2011"]
[BlackElo "2321"]
[Annotator "NA"]
[PlyCount "81"]
[EventDate "2018.10.20"]
[EventType "swiss"]
[EventCountry "GRE"]
[SourceTitle "playchess.com"]
[Source "ChessBase"]
[SourceQuality "1"]
[TimeControl "40/5400+30:1800+30"]

1. e4 e6 2. d4 d5 3. Nd2 Nf6 4. e5 Nfd7 5. Bd3 b6 6. c3 c5 7. Ne2 Ba6 8. Bxa6 Nxa6 9. O-O Be7 10. f4 Nc7 11. Nf3 Nb8 12. Be3 Nc6 13. Qe1 Qd7 14. Qg3 g6 15. Qf2 c4 16. Nd2 h5 17. Qf3 b5 18. b3 $11 a6 19. a4 Na5 20. axb5 axb5 21. b4 Nc6 22. Rxa8+ Nxa8 23. Ra1 Nb6 24. Nb1 Qb7 25. Na3 Na4 26. Nc2 Kd7 27. Bd2 Ra8 28. f5 gxf5 29. Qxh5 Nd8 30. Bg5 Nb2 31. Rxa8 Qxa8 32. Bxe7 Kxe7 33. Qg5+ Kd7 34. h4 Nc6 35. h5 Qh8 36. h6 Ne7 37. Qf6 Qh7 38. Nf4 Ng8 39. Nxd5 exd5 40. Qd6+ Ke8 41. Qb8+ 1/2-1/2

[Event "WYCC 2018 G18"]
[Site "Halkidiki"]
[Date "2018.10.21"]
[Round "3"]
[White "Li, Yilin"]
[Black "Martos Amiguet, Valentina"]
[Result "1-0"]
[ECO "B49"]
[WhiteElo "1993"]
[BlackElo "1775"]
[Annotator "NA"]
[PlyCount "51"]
[EventDate "2018.10.20"]
[EventType "swiss"]
[EventCountry "GRE"]
[SourceTitle "playchess.com"]
[Source "ChessBase"]
[SourceQuality "1"]
[TimeControl "40/5400+30:1800+30"]

1. e4 c5 2. Nf3 a6 3. Nc3 e6 4. d4 cxd4 5. Nxd4 Nc6 6. Be3 Qc7 7. Be2 Nf6 8. O-O Be7 9. f4 d6 10. Kh1 O-O 11. Qe1 Nxd4 12. Bxd4 e5 13. fxe5 dxe5 14. Qg3 Nd7 15. Bg4 Qd6 16. Be3 Qg6 17. Nd5 Bd8 18. Qf3 Nf6 19. Bf5 Bxf5 20. exf5 e4 21. Qe2 Nxd5 22. fxg6 hxg6 23. Rad1 Nf6 24. c4 Bc7 25. Bd4 Rfe8 26. Bxf6 1-0

[Event "WYCC 2018 G18"]
[Site "Halkidiki"]
[Date "2018.10.21"]
[Round "3"]
[White "Nass, Sara"]
[Black "Salas Estrada, Ana Valeria"]
[Result "1-0"]
[ECO "B38"]
[WhiteElo "1986"]
[BlackElo "1593"]
[Annotator "NA"]
[PlyCount "89"]
[EventDate "2018.10.20"]
[EventType "swiss"]
[EventCountry "GRE"]
[SourceTitle "playchess.com"]
[Source "ChessBase"]
[SourceQuality "1"]
[TimeControl "40/5400+30:1800+30"]

1. e4 c5 2. Nf3 Nc6 3. d4 cxd4 4. Nxd4 g6 5. c4 Bg7 6. Be3 Nf6 7. Nc3 Qa5 8. Nb3 Qd8 9. Be2 d6 10. O-O O-O 11. f4 b6 12. Bf3 e5 13. f5 Ba6 14. Nd2 Rc8 15. fxg6 hxg6 16. b3 Nd4 17. Rc1 Nd7 18. Rf2 Nc5 19. Nf1 Nce6 20. Ng3 Nf4 21. Bxf4 exf4 22. Nge2 Ne6 23. Nd5 Be5 24. Bg4 Qh4 25. h3 f5 26. exf5 gxf5 27. Bf3 Rf7 28. Nb4 Bb7 29. Bxb7 Rxb7 30. Qd5 Re7 31. Nd3 Kf8 32. Nxe5 dxe5 33. Qxe5 Rc5 34. Qb8+ Kf7 35. Nxf4 Qg5 36. Rd1 Re8 37. Qxa7+ Rc7 38. Qxb6 Rce7 39. Nxe6 Rxe6 40. Qc7+ R8e7 41. Qf4 Re1+ 42. Rxe1 Rxe1+ 43. Kh2 Qxf4+ 44. Rxf4 Ke6 45. c5 1-0

[Event "WYCC 2018 G18"]
[Site "Halkidiki"]
[Date "2018.10.21"]
[Round "3"]
[White "Stashis, Anna"]
[Black "Saraci, Ndriqona"]
[Result "1-0"]
[ECO "B22"]
[WhiteElo "1979"]
[BlackElo "1263"]
[Annotator "NA"]
[PlyCount "71"]
[EventDate "2018.10.20"]
[EventType "swiss"]
[EventCountry "GRE"]
[SourceTitle "playchess.com"]
[Source "ChessBase"]
[SourceQuality "1"]
[TimeControl "40/5400+30:1800+30"]

1. e4 c5 2. c3 e6 3. d4 cxd4 4. cxd4 Nf6 5. Nc3 d6 6. Bd3 Nbd7 7. Nf3 e5 8. O-O a6 9. h3 Be7 10. Be3 O-O 11. Qe2 Re8 12. Bc4 h6 13. a4 Bf8 14. d5 b6 15. Nd2 Nb8 16. Bd3 a5 17. Rfc1 Ba6 18. Nb5 Re7 19. Nc4 Rb7 20. f4 exf4 21. Bxf4 Bxb5 22. axb5 Be7 23. Ra4 Ne8 24. b4 Bg5 25. Qe3 Bxf4 26. Qxf4 Qg5 27. Qxg5 hxg5 28. bxa5 bxa5 29. Rxa5 Rxa5 30. Nxa5 Rb6 31. Rc8 Kf8 32. Nc4 Nd7 33. Nxb6 Nxb6 34. Rc6 Na4 35. b6 Nc5 36. Rxc5 1-0

[Event "WYCC 2018 G18"]
[Site "Halkidiki"]
[Date "2018.10.21"]
[Round "3"]
[White "Caballero Quijano, Mitzy Mishell"]
[Black "Afonasieva, Anna"]
[Result "0-1"]
[ECO "D11"]
[WhiteElo "1956"]
[BlackElo "2245"]
[Annotator "NA"]
[PlyCount "52"]
[EventDate "2018.10.20"]
[EventType "swiss"]
[EventCountry "GRE"]
[SourceTitle "playchess.com"]
[Source "ChessBase"]
[SourceQuality "1"]
[TimeControl "40/5400+30:1800+30"]

1. d4 d5 2. Nf3 Nf6 3. c4 c6 4. e3 e6 5. b3 Nbd7 6. Bd3 Be7 7. O-O O-O 8. Nbd2 b6 9. Bb2 Bb7 10. Ne5 Rc8 11. f4 c5 12. Rc1 Ne4 13. Nxe4 dxe4 14. Bb1 cxd4 15. Nxd7 Qxd7 $11 16. Qxd4 Qxd4 17. Bxd4 f5 18. Kf2 Rfd8 19. Rcd1 Bc6 20. h3 g5 21. g4 gxf4 22. exf4 Rxd4 23. Rxd4 Bc5 24. Rfd1 Rd8 25. Ke3 e5 26. fxe5 Bxd4+ 0-1

[Event "WYCC 2018 G18"]
[Site "Halkidiki"]
[Date "2018.10.21"]
[Round "3"]
[White "Prakapuk, Vera"]
[Black "Priyanka, Kumari"]
[Result "0-1"]
[ECO "B51"]
[WhiteElo "1949"]
[BlackElo "2005"]
[Annotator "NA RC"]
[PlyCount "150"]
[EventDate "2018.10.20"]
[EventType "swiss"]
[EventCountry "GRE"]
[SourceTitle "playchess.com"]
[Source "ChessBase"]
[SourceQuality "1"]
[TimeControl "40/5400+30:1800+30"]

1. e4 c5 2. Nf3 d6 3. Bb5+ Nd7 4. O-O a6 5. Bd3 {[%emt 0:00:09] B51: Sicilian: Moscow Variation (3 Bb5+) without 3...Bd7} Ngf6 6. c3 (6. Re1 g6 7. c3 Bg7 8. Bc2 O-O 9. d4 e5 10. a4 cxd4 11. cxd4 exd4 12. Nxd4 Nc5 {1-0 (33) Jakovenko,D (2748)-Nepomniachtchi,I (2768) Satka 2018}) 6... g6 7. Bc2 e5 8. d4 Qc7 $146 ({Predecessor:} 8... Bg7 9. Nbd2 Qc7 10. a4 O-O 11. a5 cxd4 12. cxd4 {½-½ (43) Zielinski,M (2125)-Maj,P (2078) Jastrzebia Gora 2015}) 9. h3 Bg7 10. Be3 b5 11. Nbd2 O-O 12. d5 c4 13. Ne1 Nh5 14. g4 Nf4 15. Bxf4 exf4 16. Ndf3 h6 17. Ng2 g5 18. Nd4 Re8 19. a4 Rb8 20. Nc6 Rb7 21. axb5 axb5 22. Ne1 Ne5 23. Nxe5 Bxe5 24. Nf3 Bf6 25. Nd4 Bd7 26. Qf3 Be5 27. Kg2 Kg7 28. Rh1 Rh8 29. Nf5+ Bxf5 30. exf5 Qe7 31. Rhe1 Qf6 32. Re4 Rc8 33. Ra6 Rc5 34. Re1 Qe7 35. Rc6 Rc7 36. Rxc7 Rxc7 37. Qe4 Kf6 38. Rb1 Rc5 39. Rd1 Qb7 40. Bb1 b4 41. Ba2 bxc3 42. bxc3 Qa6 43. Qe2 Bxc3 44. Rc1 Qa3 45. Rc2 Qb4 46. Qe4 Qa5 47. Bxc4 Be5 48. Qd3 Qa7 49. Ra2 Qc7 50. Rc2 Qa5 51. Ra2 Qb4 52. Rc2 Qb1 53. f3 Ra5 54. Re2 Qa1 55. Rf2 Ra3 56. Qe2 Qd4 57. Qe4 Qxe4 58. fxe4 Re3 59. Ba2 Rxe4 60. Bb1 Re1 61. Bd3 Bd4 62. Rf3 (62. Rf1 {only move.} Re5 63. Bc4) 62... Rg1+ 63. Kh2 Ke5 64. Bc4 $2 (64. Rf1 Rg3 65. Bc4) 64... Rc1 65. Bf1 (65. Bd3 $142 Rd1 66. Bf1) 65... Kxd5 66. Bg2 Ke5 67. Rf1 Rc2 68. Kh1 Be3 69. Rd1 Rc5 (69... f3 $142 70. Bf1 Kf4 71. Bd3 Rg2 72. Rf1 Bf2 73. Rxf2 Rxf2 74. Bb5 Kg3 75. Kg1 Rd2 76. Bf1 Rd1 77. f6 f2+ 78. Kh1 Rxf1#) 70. Bf3 d5 71. Kg2 Rc2+ 72. Kh1 d4 73. Bg2 {[%emt 0:00:49] [#]} f3 $1 74. Bxf3 Kf4 75. Bg2 Kg3 0-1

[Event "WYCC 2018 G18"]
[Site "Halkidiki"]
[Date "2018.10.21"]
[Round "3"]
[White "Sevilla, Julia"]
[Black "Manriquez Abarzua, Maria Belen"]
[Result "1/2-1/2"]
[ECO "E01"]
[WhiteElo "1947"]
[BlackElo "1630"]
[Annotator "NA"]
[PlyCount "68"]
[EventDate "2018.10.20"]
[EventType "swiss"]
[EventCountry "GRE"]
[SourceTitle "playchess.com"]
[Source "ChessBase"]
[SourceQuality "1"]
[TimeControl "40/5400+30:1800+30"]

1. d4 d5 2. c4 e6 3. g3 Nf6 4. Bg2 g6 5. Nf3 Bg7 6. O-O O-O 7. Qc2 Nbd7 8. Nbd2 c5 9. dxc5 Nxc5 10. cxd5 Qxd5 11. Nc4 Qe4 12. Qxe4 Ncxe4 13. Be3 b6 14. Rfd1 Bb7 15. Bd4 Rac8 16. Ne3 Ba6 17. Kf1 Rfd8 18. a4 Nc5 19. Bxc5 bxc5 20. Rxd8+ Rxd8 21. Rd1 Rb8 22. Rd6 Rb6 23. Rxb6 axb6 24. Nd2 Nd7 25. Ndc4 b5 26. axb5 Bxb5 27. b3 Nb8 28. Ke1 Nc6 29. Nd6 Nd4 30. Nxb5 Nxb5 31. Bc6 Nd4 32. Ba4 Kf8 33. Nc4 Nc2+ 34. Kd2 Nb4 1/2-1/2

[Event "WYCC 2018 G18"]
[Site "Halkidiki"]
[Date "2018.10.21"]
[Round "3"]
[White "Golsta, Madara"]
[Black "Abeysinghe, H M H Janandani"]
[Result "1-0"]
[ECO "B24"]
[WhiteElo "1938"]
[BlackElo "1698"]
[Annotator "NA"]
[PlyCount "39"]
[EventDate "2018.10.20"]
[EventType "swiss"]
[EventCountry "GRE"]
[SourceTitle "playchess.com"]
[Source "ChessBase"]
[SourceQuality "1"]
[TimeControl "40/5400+30:1800+30"]

1. e4 c5 2. Nc3 Nc6 3. Bb5 Nd4 4. Bc4 g6 5. Nf3 Bg7 6. Nxd4 cxd4 7. Qf3 e6 8. Nb5 d6 9. Qa3 Be5 10. c3 dxc3 11. d4 cxb2 12. Bxb2 d5 13. dxe5 dxc4 14. Nd6+ Kf8 15. Nxc8+ Kg7 16. Nd6 Qc7 17. O-O Ne7 18. Qf3 Nc8 19. Qf6+ Kg8 20. Ne8 1-0

[Event "WYCC 2018 G18"]
[Site "Halkidiki"]
[Date "2018.10.21"]
[Round "3"]
[White "Zairbek kyzy, Begimay"]
[Black "Injac, Teodora"]
[Result "0-1"]
[ECO "B22"]
[WhiteElo "1919"]
[BlackElo "2258"]
[Annotator "ChessBase"]
[PlyCount "124"]
[EventDate "2018.10.20"]
[EventType "swiss"]
[EventCountry "GRE"]
[SourceTitle "playchess.com"]
[Source "ChessBase"]
[SourceQuality "1"]
[TimeControl "40/5400+30:1800+30"]

1. e4 c5 2. c3 e6 3. d4 d5 4. Nd2 Nc6 5. Ngf3 Nf6 6. Bd3 cxd4 7. cxd4 dxe4 8. Nxe4 Bb4+ 9. Bd2 O-O 10. O-O Bxd2 11. Qxd2 Nd5 12. Rac1 a6 13. Rfd1 h6 14. a3 Na5 15. Qc2 Bd7 16. b4 Nc6 17. Nc5 Bc8 18. Qb3 Nce7 19. Bb1 b6 20. Qd3 f5 21. Nb3 Bb7 22. Re1 Nf4 23. Qd1 Neg6 24. g3 Nh3+ 25. Kf1 Qd5 26. Re3 f4 27. Rec3 fxg3 28. hxg3 Ne7 29. Nbd2 Ng5 30. Nh4 Qxd4 31. Qe2 Qd5 32. f4 Rad8 33. Ndf3 Nxf3 34. Nxf3 Nf5 35. Qf2 Rc8 36. Bxf5 exf5 37. Rxc8 Rxc8 38. Rxc8+ Bxc8 39. Qe3 Qc4+ 40. Ke1 Qe6 41. Ne5 Bb7 42. Qd4 b5 43. Qd8+ Kh7 44. Ke2 Qa2+ 45. Kd1 Qxa3 46. Qb6 Qb3+ 47. Ke2 Qb2+ 48. Kd1 Qb1+ 49. Ke2 Qe4+ 50. Kd1 Qd5+ 51. Kc1 Qh1+ 52. Kb2 Qg2+ 53. Ka1 Qh1+ 54. Kb2 Qg2+ 55. Ka1 Qxg3 56. Qxb7 Qa3+ 57. Kb1 Qxb4+ 58. Ka2 Qd2+ 59. Kb1 Qxf4 60. Nc6 Qe4+ 61. Kb2 f4 62. Qxa6 f3 0-1

[Event "WYCC 2018 G18"]
[Site "Halkidiki"]
[Date "2018.10.21"]
[Round "3"]
[White "Gillis Onieva, Celia"]
[Black "Ni Mhuireagain, Eibhia"]
[Result "1-0"]
[ECO "D12"]
[WhiteElo "1892"]
[BlackElo "1655"]
[Annotator "NA"]
[PlyCount "57"]
[EventDate "2018.10.20"]
[EventType "swiss"]
[EventCountry "GRE"]
[SourceTitle "playchess.com"]
[Source "ChessBase"]
[SourceQuality "1"]
[TimeControl "40/5400+30:1800+30"]

1. d4 d5 2. c4 c6 3. Nf3 Nf6 4. e3 Bf5 5. Nc3 e6 6. Nh4 Bg4 7. Qb3 Qc7 8. h3 Bh5 9. g4 Bg6 10. Nxg6 hxg6 11. g5 Nfd7 12. Bg2 Nb6 13. c5 Nc4 14. e4 b6 15. exd5 exd5 16. O-O bxc5 17. Re1+ Kd8 18. Nxd5 cxd5 19. Bxd5 Nc6 20. Qxc4 Rxh3 21. dxc5 Ne5 22. Rxe5 Qxe5 23. Bxa8 Qe1+ 24. Qf1 Qe6 25. Bf4 Bxc5 26. Qd1+ Kc8 27. Rc1 Qf5 28. Qd5 Qg4+ 29. Qg2 1-0

[Event "WYCC 2018 G18"]
[Site "Halkidiki"]
[Date "2018.10.21"]
[Round "3"]
[White "Nistor, Valentina"]
[Black "Simic, Anja"]
[Result "1-0"]
[ECO "B53"]
[WhiteElo "1881"]
[BlackElo "1813"]
[Annotator "NA"]
[PlyCount "129"]
[EventDate "2018.10.20"]
[EventType "swiss"]
[EventCountry "GRE"]
[SourceTitle "playchess.com"]
[Source "ChessBase"]
[SourceQuality "1"]
[TimeControl "40/5400+30:1800+30"]

1. e4 c5 2. Nf3 d6 3. d4 cxd4 4. Qxd4 a6 5. c4 Nc6 6. Qd2 Nf6 7. Nc3 g6 8. b3 Bg7 9. Bb2 O-O 10. h3 Qa5 11. Rb1 Bd7 12. Bd3 Rab8 13. a3 Rfc8 14. O-O Qd8 15. Rfe1 e6 16. Rbd1 Bf8 17. Bf1 Qe7 18. Qe3 Rd8 19. Rd2 Be8 20. Red1 Rbc8 21. Na4 Rc7 22. Nb6 Bg7 23. b4 Bf8 24. Bc3 Nd7 25. Na4 Nf6 26. b5 Nb8 27. Ba5 axb5 28. cxb5 d5 29. Bxc7 Qxc7 30. exd5 Nxd5 31. Qb3 Qe7 32. Bc4 Qxa3 33. Qxa3 Bxa3 34. Bxd5 exd5 35. Rxd5 Rxd5 36. Rxd5 Nd7 37. Ne5 Nxe5 38. Rxe5 Kf8 39. Nb6 f6 40. Rd5 Ke7 41. Rd3 Bc5 42. Nd5+ Kf7 43. Nc7 Ke7 44. Nxe8 Kxe8 45. Kf1 Ke7 46. Ke2 b6 47. f3 h5 48. h4 Ke6 49. g4 hxg4 50. fxg4 Ke7 51. Kf3 Ke6 52. Rd8 Ke7 53. Rd5 Ke6 54. Ke4 Bf2 55. h5 gxh5 56. gxh5 Kf7 57. Kf5 Kg7 58. Rd7+ Kh6 59. Kxf6 Kxh5 60. Rf7 Kg4 61. Ke6 Bc5 62. Kd5 Kg5 63. Kc6 Kg6 64. Rb7 Kf6 65. Rxb6 1-0

[Event "WYCC 2018 G18"]
[Site "Halkidiki"]
[Date "2018.10.21"]
[Round "3"]
[White "Salimova, Asal"]
[Black "Gajcin, Marina"]
[Result "0-1"]
[ECO "A45"]
[WhiteElo "1870"]
[BlackElo "2153"]
[Annotator "NA"]
[PlyCount "88"]
[EventDate "2018.10.20"]
[EventType "swiss"]
[EventCountry "GRE"]
[SourceTitle "playchess.com"]
[Source "ChessBase"]
[SourceQuality "1"]
[TimeControl "40/5400+30:1800+30"]

1. d4 Nf6 2. Bf4 g6 3. Nc3 d5 4. e3 Bg7 5. h4 h5 6. Nf3 Bg4 7. Be2 c6 8. Ne5 Bxe2 9. Qxe2 Nbd7 10. f3 Nxe5 11. Bxe5 Qb6 12. O-O-O O-O-O 13. Kb1 Ne8 14. Bxg7 Nxg7 15. Na4 Qb5 16. Qxb5 cxb5 17. Nc5 Nf5 18. Rde1 Rd6 19. c3 e6 20. Rh3 Ne7 21. e4 b4 22. Kc2 Nc6 23. Nd3 bxc3 24. bxc3 Kb8 25. Rb1 Rc8 26. Kd2 Na5 27. Ne5 Nc4+ 28. Nxc4 Rxc4 29. e5 Ra6 30. Rb2 Ra3 31. Rc2 Rca4 32. Rh1 Rxa2 33. Rhc1 Rxc2+ 34. Rxc2 Ra1 35. Ke3 Kc7 36. Kf4 Kd7 37. Kg5 Ke7 38. g4 hxg4 39. fxg4 Kf8 40. h5 gxh5 41. gxh5 Kg7 42. h6+ Kg8 43. Rf2 Rg1+ 44. Kf6 Kf8 0-1